 Dungeon Crawl Stone Soup version 0.19.5 (webtiles) character file.

1696 JeffiDaFish the Cudgeler (level 9, 0/54 HPs)
             Began as a Gargoyle Fighter on Nov 7, 2017.
             Was a Believer of Okawaru.
             Slain by an orc
             ... wielding a +0 halberd
              (9 damage)
             ... in a bailey.
             The game lasted 00:15:31 (5803 turns).

JeffiDaFish the Cudgeler (Gargoyle Fighter)         Turns: 5803, Time: 00:15:32

Health: 0/54       AC: 15    Str: 19    XL:     9   Next: 3%
Magic:  9/9        EV:  9    Int: 13    God:    Okawaru [**....]
Gold:   390        SH: 11    Dex: 14    Spells: 0 memorised, 8 levels left

rFire  . . .     SeeInvis .     a - +1 flail
rCold  + . .     Gourm    .     b - +0 scale mail
rNeg   + . .     Faith    .     c - +1 shield
rPois  ∞         Spirit   .     (no helmet)
rElec  +         Reflect  .     (no cloak)
rCorr  .         Harm     .     k - +1 pair of gloves
MR     .....                    (no boots)
Stlth  ..........               (no amulet)
                                p - +3 ring of intelligence
                                j - ring of protection from cold

@: no status effects
A: agile 1, negative energy resistance 1, electricity resistance, unbreathing,
petrification resistance, no device heal 1, rot immunity, AC +5
a: Heroism, Renounce Religion


You were in a bailey.
You worshipped Okawaru.
Okawaru was pleased with you.
You were not hungry.

You visited 2 branches of the dungeon, and saw 8 of its levels.
You also visited: Sewer and Bailey.

You collected 390 gold pieces.

Inventory:

Hand Weapons
 a - a +1 flail (weapon)
Armour
 b - a +0 scale mail (worn)
 c - a +1 shield (worn)
 d - a +0 chain mail
 k - a +1 pair of gloves (worn)
Jewellery
 j - a ring of protection from cold (left hand)
 p - a +3 ring of intelligence (right hand)
Wands
 t - a wand of slowing (29/48)
Scrolls
 e - 11 scrolls of identify
 h - a scroll of enchant weapon
 l - 2 scrolls of fog
 m - 2 scrolls of blinking
 v - a scroll of amnesia
 x - a scroll of remove curse
Potions
 n - a potion of agility
 o - a potion of invisibility
 q - 5 potions of curing
 r - a potion of flight
Books
 w - a book of Geomancy

   Spells                             Type                      Level
   a - Sandblast                      Earth                        1
   b - Passwall                       Transmutation/Earth          2
   c - Stone Arrow                    Conjuration/Earth            3
   d - Petrify                        Transmutation/Earth          4
   e - Lee's Rapid Deconstruction     Earth                        5
Comestibles
 f - 5 bread rations
 g - 5 fruits
 i - 2 slices of pizza
 s - a meat ration
 u - a chunk of flesh


   Skills:
 + Level 5.3 Fighting
 + Level 7.3 Maces & Flails
 + Level 5.9 Armour
 + Level 2.3 Dodging
 + Level 0.8 Stealth
 + Level 6.7 Shields


You had 8 spell levels left.
You didn't know any spells.

Dungeon Overview and Level Annotations

Branches:
Dungeon (7/15)             Temple (1/1) D:4

Altars:
Ashenzari
Cheibriados
Dithmenos
Hepliaklqana
Makhleb
Nemelex Xobeh
Okawaru
Qazlal
Sif Muna
Trog
Yredelemnul
Zin
The Shining One

Annotations:
D:7 Pikel


Innate Abilities, Weirdness & Mutations

You are resistant to torment.
Your stone body is resilient. (AC +5)
You are immune to poison.
You resist negative energy. (rN+)
You are resistant to electric shocks. (rElec)
You can survive without breathing.
You are immune to petrification.
You are immune to rotting.
You are agile. (Dex +2)
Potions and wands are less effective at restoring your health.


Message History

The orc warrior shoots a bolt.
You block the bolt.
Found a beef jerky.
There is an open door here.
You see here a bolt.
The orc hits you but does no damage.
The orc warrior shoots a bolt.
You block the bolt.
The orc warrior shoots a bolt.
You block the bolt.
The orc warrior shoots a bolt.
The bolt closely misses you.
You see here 2 bolts.
You barely miss the orc. The orc barely misses you.
The orc warrior shoots a bolt.
The bolt hits you but does no damage.
The orc warrior shoots a bolt.
The bolt completely misses you.
The orc warrior shoots a bolt.
You block the bolt.
Your shield prevents you from hitting the orc.
You block the orc's attack.
The orc warrior shoots a bolt.
The bolt hits you!
The orc warrior shoots a bolt.
The bolt hits you!
You hit the orc but do no damage.
The orc warrior shoots a bolt.
The bolt hits you!
* * * LOW HITPOINT WARNING * * *
The orc hits you with a halberd!
You die...

## ###
##o###########∩## ##
#(..##.....##...##..
#(..#..≈≈≈..#...#..≈
#(..#.≈≈o≈≈.......≈≈
#.o@(.≈ooo≈.......≈o
#..(#(≈≈o≈≈....(..≈≈
#...#..≈≈≈((#...#..≈
#o..##.(.(.##.∩.##..
##.###########∩## ##
## ###


You could see 5 orc warriors and 3 orcs.

Vanquished Creatures
  Grinder (Sewer)
  The ghost of JeffiDaFish the Shield-Bearer, an amateur GrFi (D:3)
  An ice beast (D:6)
  A phantom (D:6)
  2 big kobolds (Sewer)
  2 bullfrogs
  A scorpion (D:4)
  A howler monkey (D:7)
  A bullfrog zombie (D:3)
  A crimson imp (D:5)
  A quasit (Sewer)
  A hound (D:5)
  3 orc priests (D:3)
  A bullfrog skeleton (D:6)
  Jessica (D:2)
  An iguana (D:5)
  3 worker ants (D:4)
  5 orc wizards
  A big kobold zombie (Sewer)
  A hound skeleton (D:5)
  9 adders
  A river rat (D:5)
  2 shadow imps (D:6)
  6 ufetubi (Sewer)
  An ooze (D:4)
  An adder skeleton (D:6)
  4 worms
  2 dart slugs
  A leopard gecko (D:5)
  16 orcs
  4 ball pythons
  5 giant cockroaches
  12 hobgoblins
  7 jackals
  2 quokkas
  12 bats
  A giant cockroach zombie (Sewer)
  10 goblins
  29 kobolds
  A quokka skeleton (D:5)
  7 rats
163 creatures vanquished.

Vanquished Creatures (others)
  An ooze (Sewer)
  A goblin (D:2)
  A hobgoblin (D:2)
3 creatures vanquished.

Grand Total: 166 creatures vanquished

Notes
Turn   | Place    | Note
-------+----------+-------------------------------------------
     0 | D:1      | JeffiDaFish the Gargoyle Fighter began the quest for the Orb.
     0 | D:1      | Reached XP level 1. HP: 14/14 MP: 1/1
    49 | D:1      | Gained mutation: You are agile. (Dex +2) [potion of mutation]
    49 | D:1      | Gained mutation: Potions and wands are less effective at restoring your health. [potion of mutation]
   145 | D:1      | Reached XP level 2. HP: 14/19 MP: 2/2
   605 | D:1      | Found a shadowy altar of Dithmenos.
   685 | D:2      | Noticed Jessica
   690 | D:2      | Killed Jessica
   690 | D:2      | Reached XP level 3. HP: 16/24 MP: 3/3
   922 | D:2      | Reached XP level 4. HP: 26/29 MP: 4/4
  1371 | D:2      | Found a stormy altar of Qazlal.
  1490 | D:3      | Reached skill level 3 in Maces & Flails
  1490 | D:3      | Reached XP level 5. HP: 24/33 MP: 5/5
  1636 | D:3      | Noticed JeffiDaFish's ghost (amateur GrFi)
  1659 | D:3      | Killed JeffiDaFish's ghost
  1659 | D:3      | Reached skill level 4 in Maces & Flails
  1659 | D:3      | Reached skill level 1 in Dodging
  1659 | D:3      | Reached XP level 6. HP: 28/38 MP: 6/6
  1674 | D:3      | Found a burning altar of Makhleb.
  2450 | D:3      | Found a bloodstained altar of Trog.
  2793 | D:4      | Reached XP level 7. HP: 40/44 MP: 7/7
  2970 | D:4      | Reached skill level 5 in Shields
  3023 | D:4      | Reached skill level 5 in Armour
  3150 | D:4      | Found a glowing silver altar of Zin.
  3150 | D:4      | Found a shattered altar of Ashenzari.
  3155 | D:4      | Found a deep blue altar of Sif Muna.
  3157 | D:4      | Found a glowing golden altar of the Shining One.
  3159 | D:4      | Found a hazy altar of Hepliaklqana.
  3220 | D:4      | Found a staircase to the Ecumenical Temple.
  3253 | Temple   | Entered the Ecumenical Temple
  3263 | Temple   | Became a worshipper of Warmaster Okawaru
  3358 | D:5      | Entered Level 5 of the Dungeon
  3385 | D:5      | Reached skill level 5 in Maces & Flails
  3666 | D:5      | Found a glowing drain.
  3698 | Sewer    | Entered a sewer
  3827 | Sewer    | Found a burning altar of Makhleb.
  3849 | Sewer    | Reached XP level 8. HP: 42/48 MP: 8/8
  4014 | Sewer    | Reached * piety under Okawaru
  4037 | Sewer    | Noticed Grinder
  4069 | Sewer    | Paralysed by Grinder for 4 turns
  4073 | Sewer    | Killed Grinder
  4073 | Sewer    | Reached skill level 5 in Fighting
  4073 | Sewer    | Reached skill level 6 in Maces & Flails
  5136 | D:6      | Found a snail-covered altar of Cheibriados.
  5192 | D:6      | Reached skill level 7 in Maces & Flails
  5666 | D:7      | Reached ** piety under Okawaru
  5666 | D:7      | Reached XP level 9. HP: 54/54 MP: 9/9
  5763 | D:7      | Found a flagged portal.
  5767 | D:7      | Noticed Pikel
  5772 | Bailey   | Entered a bailey
  5772 | Bailey   | Noticed an orc knight
  5803 | Bailey   | Slain by an orc

Skill      XL: |  1  2  3  4  5  6  7  8 |
---------------+-------------------------+-----
Shields        | 4 5 6 |  6.7
Armour         | 4 5 |  5.9
Maces & Flails | 3 4 5 7 |  7.3
Fighting       | 4 5 |  5.3
Dodging        | 1 2 |  2.3
Stealth        | |  0.8

Action                   |  1- 3 |  4- 6 |  7- 9 || total
-------------------------+-------+-------+-------++-------
Melee: Flail             |    76 |   211 |   410 ||   697
  Use: Scroll            |     3 |     6 |     2 ||    11
       Potion            |     2 |     4 |     5 ||    11
  Eat: Chunk             |       |     7 |    10 ||    17
Armor: Scale mail        |    34 |   132 |   247 ||   413
Dodge: Dodged            |    24 |    82 |   200 ||   306
Block: Shield            |    41 |   155 |   311 ||   507
